 Dungeon Crawl Stone Soup version 0.30.0-29-ga12c61a403 (webtiles) character file.

Game seed: 10068571484478418542

278 Peloso the Slasher (level 6, -11/53 HPs)
             Began as a Minotaur Fighter on June 16, 2023.
             Mangled by Pikel
             ... wielding a +2 whip of electrocution
              (15 damage)
             ... on level 4 of the Dungeon.
             The game lasted 00:04:49 (2462 turns).

Peloso the Slasher (Minotaur Fighter)               Turns: 2462, Time: 00:04:49

Health: -11/53     AC:  9    Str: 21    XL:     6   Next: 5%
Magic:  5/5        EV: 10    Int:  5    God:
Gold:   174        SH:  5    Dex: 17    Spells: 5/5 levels left

rFire   . . .        a - +1 long sword (holy)
rCold   . . .        d - +0 buckler
rNeg    . . .        b - +0 scale mail
rPois   .            (helmet restricted)
rElec   .            (no cloak)
rCorr   .            k - +0 pair of gloves
SInv    .            c - +0 pair of boots
Will    .....        (no amulet) Stlth
                     j - +6 ring of dexterity
HPRegen 0.28/turn    (no ring)
MPRegen 0.09/turn

%: no passive effects
@: no status effects
A: horns 2, retaliatory headbutt
a: no special abilities


You were on level 4 of the Dungeon.
You visited 1 branch of the dungeon, and saw 4 of its levels.

You collected 174 gold pieces.

Inventory:

Hand Weapons
 a - a +1 long sword of holy wrath (weapon)
Armour
 b - a +0 scale mail (worn)
 c - a +0 pair of boots (worn)
 d - a +0 buckler (worn)
 k - a +0 pair of gloves (worn)
Jewellery
 f - a ring of fire
 j - a +6 ring of dexterity (left hand)
Wands
 i - a wand of paralysis (11)
 r - a wand of mindburst (10)
Scrolls
 e - a scroll of fear {unknown}
 l - 4 scrolls of identify
 o - 2 scrolls of teleportation {unknown}
 s - 2 scrolls of fog {unknown}
 t - a scroll of immolation {unknown}
 u - a scroll of noise {unknown}
 x - a scroll of summoning {unknown}
 y - a scroll of poison {unknown}
Potions
 g - a potion of might
 h - 4 potions of curing
 m - a potion of invisibility
 n - a potion of heal wounds
 p - 2 potions of brilliance
 q - a potion of magic
 v - a potion of resistance {unknown}
 w - a potion of flight {unknown}


   Skills:
 + Level 4.4 Fighting
 + Level 5.0 Long Blades
 + Level 4.9 Armour
 + Level 1.1 Dodging
 + Level 0.8 Stealth
 + Level 4.7 Shields


You had 5 spell levels left.
You didn't know any spells.
Your spell library contained the following spells:

 Spells                   Type           Power      Damage    Failure   Level
 Blink                    Tloc           0%         N/A       95%         2
 Lesser Beckoning         Tloc           0%         N/A       95%         2
 Momentum Strike          Conj/Tloc      0%         3d8       95%         2


Dungeon Overview and Level Annotations

Branches:
Dungeon (4/15)
 Temple: D:4-7

Altars:
Makhleb
Ru
Trog
Vehumet
Zin

Shops:
D:1 (

Annotations:
D:4 Pikel


Innate Abilities, Weirdness & Mutations

You have a pair of horns on your head.
You reflexively headbutt those who attack you in melee.


Message History

The phantom hits you but does no damage. x2
You hit the phantom.
The phantom convulses.
The phantom is severely damaged.
The phantom hits you but does no damage.
You slash the phantom!
The phantom convulses.
You destroy the phantom!
Your Long Blades skill increases to level 5!
You have reached level 6!
A lemure comes into view.
The lemure shouts!
You hear a shout!
A lemure comes into view. x2
There are monsters nearby!
There are monsters nearby!
Pikel and a lemure come into view.
Pikel is wielding a +2 whip of electrocution and carrying a wand of iceblast (5).
Found 12 gold pieces and a scroll of identify.
The lemure shouts! x2
Something hits the withered plant.
The withered plant begins to crumble.
The lemure barely misses you.
You slash the lemure!
The lemure convulses!
The lemure is heavily wounded.
You block the lemure's attack.
You hit the lemure.
The lemure convulses.
The lemure is almost dead.
Pikel says, "Hell isn't that bad."
Pikel drinks a potion.
Pikel goes berserk!
The lemure barely misses you.
You barely miss Pikel. You hit Pikel but do no damage.
The withered plant crumbles away.
Pikel hits you with a +2 whip of electrocution.
Pikel hits you with a +2 whip of electrocution!
You hit Pikel but do no damage. Your headbutt misses Pikel.
You block Pikel's attack.
Pikel hits you with a +2 whip of electrocution!
You are electrocuted!
You hit Pikel. You headbutt Pikel.
Pikel is lightly wounded.
Pikel hits you with a +2 whip of electrocution!!
* * * LOW HITPOINT WARNING * * *
Pikel hits you with a +2 whip of electrocution!
You die...

#.# #.# #.#########
#.........#
#########.# .......
#.# ....... #.#
...5... #.# ..5K...
#@# ....... #K#
....... #5#
?....5K######5#
.......5...##5######.#
$........5...5.......#
...........P.P.#######
.##..........P.#
#...........##


You could see Pikel (berserk) and 4 lemures.

Vanquished Creatures
  A phantom (D:4)
  A jelly (D:3)
  Terence (D:2)
  Natasha (twice) (D:2)
  2 adders (D:2)
  A worm (D:2)
  4 dart slugs
  An orc (D:3)
  6 endoplasms
  4 giant cockroaches
  4 goblins
  6 hobgoblins
  6 jackals (D:1)
  4 quokkas
  4 ball pythons
  8 bats
  10 kobolds
  4 rats
69 creatures vanquished.

Notes
Turn   | Place    | Note
-------+----------+-------------------------------------------
     0 | D:1      | Peloso the Minotaur Fighter began the quest for the Orb.
     0 | D:1      | Reached XP level 1. HP: 19/19 MP: 0/0
   177 | D:1      | Reached XP level 2. HP: 27/27 MP: 1/1
   648 | D:1      | Reached skill level 3 in Long Blades
   655 | D:1      | Found Aloth's Weapon Emporium.
   658 | D:1      | Reached XP level 3. HP: 33/33 MP: 2/2
   773 | D:2      | Noticed Terence
   779 | D:2      | Killed Terence
   802 | D:2      | Noticed Natasha
   808 | D:2      | Killed Natasha
   809 | D:2      | Reached XP level 4. HP: 34/40 MP: 3/3
  1042 | D:2      | Reached skill level 4 in Long Blades
  1257 | D:2      | Noticed Natasha
  1267 | D:2      | Killed Natasha
  1268 | D:2      | Reached XP level 5. HP: 31/46 MP: 4/4
  1332 | D:2      | Found a sacrificial altar of Ru.
  1577 | D:3      | Found a burning altar of Makhleb.
  1822 | D:3      | Reached skill level 1 in Dodging
  1934 | D:3      | Found a radiant altar of Vehumet.
  2394 | D:4      | Found a glowing silver altar of Zin.
  2401 | D:4      | Found a bloodstained altar of Trog.
  2424 | D:4      | Noticed a phantom
  2433 | D:4      | Killed a phantom
  2434 | D:4      | Reached skill level 5 in Long Blades
  2434 | D:4      | Reached XP level 6. HP: 53/53 MP: 5/5
  2442 | D:4      | Noticed Pikel
  2462 | D:4      | Mangled by Pikel

Illustrated notes

Levels and vault maps discovered:
D:1:      lemuel_arrival_river_passageway, layout_basic, serial_shops, shop
D:2:      layout_basic, basic_altar, uniq_terence, uniq_natasha
D:3:      minmay_bubble_buster, layout_loops_ring, bloody_makhleb,
          nicolae_vehumet_radiance, minmay_door_square
D:4:      layout_basic, mainiacjoe_overflow_big_doors, temple_fountains,
          serial_undead, serial_undead_c, serial_undead_d, serial_undead_b,
          serial_undead_e, uniq_pikel

Skill      XL: |  1  2  3  4  5 |
---------------+----------------+-----
Shields        | 4 |  4.7
Armour         | 4 |  4.9
Long Blades    | 3 4 5 |  5.0
Fighting       | 4 |  4.4
Dodging        | 1 |  1.1
Stealth        | |  0.8

Action                     |  1- 3 |  4- 6 || total
---------------------------+-------+-------++-------
  Melee: Long sword        |    50 |   104 ||   154
         Headbutt          |     7 |    18 ||    25
    Use: Potion            |     1 |       ||     1
         Scroll            |       |     5 ||     5
 Armour: Scale mail        |    26 |    59 ||    85
  Dodge: Dodged            |    18 |    49 ||    67
  Block: Buckler           |    20 |    25 ||    45
